 Dungeon Crawl Stone Soup version 0.19-a0-1568-gdd01aac (webtiles) character file.

14 Espgualade the Chiller (level 2, 0/19 HPs)
             Began as an Octopode Ice Elementalist on Sept 15, 2016.
             Slain by a leopard gecko (5 damage)
             ... on level 1 of the Dungeon.
             The game lasted 00:01:02 (426 turns).

Espgualade the Chiller (Octopode Ice Elementalist)   Turns: 426, Time: 00:01:03

Health: 0/19       AC:  1    Str:  7    XL:     2   Next: 45%
Magic:  2/5        EV: 13    Int: 17    God:
Gold:   0          SH:  0    Dex: 12    Spells: 1 memorised, 4 levels left

rFire  . . .     SeeInvis .     d - +0 short sword
rCold  . . .     Gourm    .     (no shield)
rNeg   . . .     Faith    .     (helmet restricted)
rPois  .         Spirit   .     (no amulet)
rElec  .         Dismiss  .     (no ring)
rCorr  .         Reflect  .     (no ring)
MR     .....     Harm     .     (no ring)
Stlth  +++.......               (no ring)
                                (no ring)
                                (no ring)
                                (no ring)
                                (no ring)

@: no status effects
A: almost no armour, stealthy swim, amphibious, 8 rings, constrict 8, camouflage
1, gelatinous body 1
a: no special abilities


You were on level 1 of the Dungeon.
You were not hungry.

You visited 1 branch of the dungeon, and saw 1 of its levels.

Inventory:

Hand Weapons
 d - a +0 short sword (weapon)
Scrolls
 c - a scroll of teleportation {unknown}
Books
 a - a book of Frost

   Spells                             Type                      Level
   a - Freeze                         Ice                          1
   b - Throw Frost                    Conjuration/Ice              2
   c - Ozocubu's Armour               Charms/Ice                   3
   d - Throw Icicle                   Conjuration/Ice              4
   e - Summon Ice Beast               Ice/Summoning                4
Comestibles
 b - 2 bread rations
 f - 3 fruits


   Skills:
 + Level 2.0 Fighting
 - Level 2.0 Dodging
 - Level 2.6 Stealth
 - Level 2.0 Spellcasting
   Level 1.0 Conjurations
 - Level 3.0 Ice Magic


You had 4 spell levels left.
You knew the following spells:

 Your Spells              Type           Power        Failure   Level  Hunger
a - Freeze                Ice            ##..         6%          1    #......


Dungeon Overview and Level Annotations

Branches:
Dungeon (1/15)

Altars:


Innate Abilities, Weirdness & Mutations

You cannot wear most types of armour.
You are very stealthy in the water.
You are amphibious.
You can wear up to eight rings at the same time.
You can use your tentacles to constrict eight enemies at once.
Your skin changes colour to match your surroundings (Stealth+).
Your rubbery body absorbs attacks. (AC +1, EV +1)


Message History

A leopard gecko comes into view.
A leopard gecko is nearby!
The leopard gecko moves out of view.
A rat comes into view.
The leopard gecko hisses angrily.
You hit the rat.
You kill the rat!
You closely miss the leopard gecko. You grab the leopard gecko.
You constrict the leopard gecko, but do no damage.
The leopard gecko bites you.
* * * LOW HITPOINT WARNING * * *
Casting: Freeze
Confirm with . or Enter, or press ? or * to list all spells.
Aiming: Freeze
Press: ? - help, Shift-Dir - straight line, f - leopard gecko
Aim: a leopard gecko (constricted by you)
You freeze the leopard gecko.
The leopard gecko is severely wounded.
You constrict the leopard gecko. The leopard gecko bites you.
You die...

#O# .. #. ### ..###...#
# ..#..#.##.
#.#.#...... ######...
#.#.#...#.# .......#
#.....#...# #.######
#.......... ..#
#####........# .##
#.....#@l....# .##
#..†).#......# ..##
###.(...#......#
...#####.......#......#
.)..#..........#......#
###...###......#......#
#.##.##.##.....#......#
.........#.....########
#.......##.....#


You could see a leopard gecko.

Vanquished Creatures
  3 bats (D:1)
  2 giant cockroaches (D:1)
  A goblin (D:1)
  A hobgoblin (D:1)
  3 kobolds (D:1)
  A frilled lizard (D:1)
  3 rats (D:1)
14 creatures vanquished.

Notes
Turn   | Place    | Note
-------+----------+-------------------------------------------
     0 | D:1      | Espgualade the Octopode Ice Elementalist began the quest for the Orb.
     0 | D:1      | Reached XP level 1. HP: 11/11 MP: 3/3
     1 | D:1      | Noticed a centaur
     3 | D:1      | Noticed a spriggan
     5 | D:1      | Noticed a vine stalker
     6 | D:1      | Noticed a draconian
     7 | D:1      | Noticed a naga
     8 | D:1      | Noticed a troll
    11 | D:1      | Noticed a centaur
    11 | D:1      | Noticed a gargoyle
    13 | D:1      | Noticed a draconian
    13 | D:1      | Noticed a draconian
    15 | D:1      | Noticed a minotaur
    15 | D:1      | Noticed a naga
    17 | D:1      | Noticed a naga
    19 | D:1      | Noticed a human
    21 | D:1      | Noticed an ogre
    50 | D:1      | Reached skill level 1 in Fighting
   130 | D:1      | Reached XP level 2. HP: 8/18 MP: 5/5
   426 | D:1      | Slain by a leopard gecko

Vault maps used:
D:1:      shiori_arrival_whats_in_store_for_you, minmay_three_crescents

Skill      XL: |  1  2 |
---------------+-------+-----
Fighting       | 1 2 |  2.0
Dodging        | |  2.0
Stealth        | |  2.6
Spellcasting   | |  2.0
Conjurations   | |  1.0
Ice Magic      | |  3.0

Action                   || total
-------------------------++-------
Melee: Unarmed           ||     8
       Constrict         ||     7
       Tentacles         ||     4
       Short sword       ||    11
 Cast: Freeze            ||     9
Armor: Skin              ||     3
Dodge: Dodged            ||    20
